[Event "Saturday 07 April Rapid Engine Tour 12+1 Rounds 9 Starts 1600ST"]
[Site "Infinity Chess"]
[Date "2018.4.7"]
[Round "3"]
[White "star99"]
[Black "RonWeasley"]
[Result "1-0"]
[ECO "C00"]
[WhiteElo "2460"]
[BlackElo "2458"]
[WhiteEngine "Cryptic Heroes 9.3B"]
[BlackEngine "BrainFish 010418 WM_CTG"]
[EventType "Swiss"]
[WhiteTeam ""]
[BlackTeam ""]
[PlyCount "49"]
[TimeControl "720+1"]

1. e4 e6 2. Nc3 d5 3. d4 Nf6 4. Bg5 Bb4 5. e5 h6 6. Be3 Ne4 7. Qg4 Kf8 
8. a3 Bxc3+ 9. bxc3 Nxc3 10. Bd3 b6 11. Ne2 h5 12. Qf3 Nxe2 13. Qxe2 Nc6 
14. O-O Kg8 15. c3 Na5 16. a4 Nb3 17. Ra2 Na5 18. Qf3 g6 19. Qg3 Rh7 20. Bg5 Qe8 
21. Bf6 c5 22. dxc5 bxc5 23. Rb1 c4 24. Bc2 Bd7 25. Rab2 1-0

[Event "Saturday 07 April Rapid Engine Tour 12+1 Rounds 9 Starts 1600ST"]
[Site "Infinity Chess"]
[Date "2018.4.7"]
[Round "3"]
[White "Deep_Impact"]
[Black "hafaba"]
[Result "1/2-1/2"]
[ECO "E10"]
[WhiteElo "2461"]
[BlackElo "2464"]
[WhiteEngine "BrainFish_180404_x64_bmi2"]
[BlackEngine "Eman 1.70-beta18 64-bit POPCNT_CTG"]
[EventType "Swiss"]
[WhiteTeam ""]
[BlackTeam ""]
[PlyCount "161"]
[TimeControl "720+1"]

1. d4 Nf6 2. c4 e6 3. Nf3 d5 4. Nc3 c6 5. Bg5 h6 6. Bxf6 Qxf6 7. e3 Nd7 
8. Be2 g6 9. O-O Bg7 10. e4 dxe4 11. Nxe4 Qf4 12. Qc2 f5 13. Ned2 c5 14. g3 Qc7 
15. Nh4 Bxd4 16. Nxg6 Rg8 17. Nh4 Nf6 18. Ndf3 Rxg3+ 19. hxg3 Qxg3+ 20. Ng2 Ng4 
21. Qd2 Bxf2+ 22. Rxf2 Qxf2+ 23. Kh1 Bd7 24. Rf1 Qg3 25. Qe1 Qxe1 26. Nfxe1 Ne5 
27. Nf3 Ng4 28. Nfh4 Ne5 29. Kg1 Ke7 30. Nf4 Rg8+ 31. Kf2 Ng4+ 32. Ke1 Ne5 
33. Nf3 Nf7 34. Nd3 b6 35. Nfe5 Nxe5 36. Nxe5 Be8 37. Rh1 Rh8 38. Bh5 Kf6 
39. Bxe8 Kxe5 40. Bh5 Kf4 41. a3 e5 42. Ke2 e4 43. Bf7 Kg5 44. Be6 h5 45. Rf1 f4 
46. Rd1 Kf6 47. Bh3 Rg8 48. Rd6+ Kf7 49. Rd5 Rg3 50. Bc8 Re3+ 51. Kf2 Rf3+ 
52. Ke2 Re3+ 53. Kf2 Rf3+ 54. Ke1 h4 55. Rd7+ Kg6 56. Rd6+ Kh7 57. Bf5+ Kg7 
58. Re6 e3 59. Be4 Rg3 60. Ke2 h3 61. Re5 Kh6 62. Re7 Rg2+ 63. Kf3 Kg5 
64. Rg7+ Kf6 65. Rxg2 hxg2 66. Kxg2 Ke5 67. Bd3 Kd4 68. Bf1 Ke4 69. Be2 a6 
70. a4 a5 71. b3 Kd4 72. Kf3 Kc3 73. Kxf4 Kxb3 74. Bd1+ Kxc4 75. Kxe3 Kb4 
76. Bc2 c4 77. Bd1 b5 78. axb5 Kxb5 79. Kd2 Kb4 80. Kc2 Kc5 81. Kc3 1/2-1/2

[Event "Saturday 07 April Rapid Engine Tour 12+1 Rounds 9 Starts 1600ST"]
[Site "Infinity Chess"]
[Date "2018.4.7"]
[Round "3"]
[White "KRAKEN"]
[Black "Marsell"]
[Result "1/2-1/2"]
[ECO "D15"]
[WhiteElo "2476"]
[BlackElo "2463"]
[WhiteEngine "Raubfisch X38_CTG"]
[BlackEngine "asmFishW_2018-04-02_bmi2"]
[EventType "Swiss"]
[WhiteTeam ""]
[BlackTeam ""]
[PlyCount "166"]
[TimeControl "720+1"]

1. d4 d5 2. c4 c6 3. Nf3 Nf6 4. Nc3 e6 5. Bg5 h6 6. Bxf6 Qxf6 7. e3 Nd7 
8. Be2 g6 9. O-O Bg7 10. cxd5 exd5 11. b4 a6 12. a4 O-O 13. b5 Qd6 14. Qb3 a5 
15. Rfc1 Rd8 16. Rab1 Nf8 17. Qd1 Rb8 18. bxc6 bxc6 19. Rxb8 Qxb8 20. Ne1 Bf5 
21. Bd3 Bd7 22. Bf1 Qd6 23. Nd3 Rb8 24. Nc5 Ne6 25. Nxd7 Qxd7 26. h4 h5 
27. g3 Bf8 28. Bh3 Qd6 29. Ne2 Rb4 30. Ra1 Ng7 31. Nf4 Ne8 32. Nd3 Rb6 
33. Qd2 Qc7 34. Bg2 Nf6 35. Bf3 Kg7 36. Kg2 Bd6 37. Rc1 Rb3 38. Qc2 Qb8 
39. Re1 Rb6 40. Qc3 Rb3 41. Qc2 Rb6 42. e4 dxe4 43. Bxe4 Nxe4 44. Rxe4 Qd8 
45. Qc4 Bf8 46. Re5 Rb8 47. Ne1 Bd6 48. Re2 Qd7 49. Rc2 Rb4 50. Qxc6 Qxc6+ 
51. Rxc6 Rxd4 52. Nf3 Rd5 53. Ra6 f6 54. Ra7+ Kg8 55. Ne1 Kf8 56. Ra8+ Kg7 
57. Ra7+ Kf8 58. Ra6 Kf7 59. Ra7+ Ke6 60. Ra6 Kf7 61. Ra7+ Ke6 62. Ra6 Ke7 
63. Nc2 Rd2 64. Ne3 Bc5 65. Kf3 Bb4 66. g4 hxg4+ 67. Nxg4 Rd6 68. Ra7+ Ke6 
69. Rg7 Rd3+ 70. Ne3 Rd4 71. Rxg6 Rxh4 72. Rg4 Rxg4 73. Kxg4 Bc3 74. f4 Be1 
75. Nc2 Bf2 76. Kf3 Bb6 77. Ke4 f5+ 78. Kd3 Kd5 79. Na1 Bc7 80. Nb3 Bxf4 
81. Nxa5 Bh6 82. Nb3 f4 83. a5 f3 1/2-1/2

[Event "Saturday 07 April Rapid Engine Tour 12+1 Rounds 9 Starts 1600ST"]
[Site "Infinity Chess"]
[Date "2018.4.7"]
[Round "3"]
[White "SkyPilot"]
[Black "MarioDeMonti"]
[Result "0-1"]
[ECO "C53"]
[WhiteElo "2478"]
[BlackElo "2500"]
[WhiteEngine "stockfish_x64_bmi2_2018_03_30_CTG"]
[BlackEngine "stockfish_x64_bmi2_2018_02_18_CTG"]
[EventType "Swiss"]
[WhiteTeam ""]
[BlackTeam ""]
[PlyCount "115"]
[TimeControl "720+1"]

1. e4 e5 2. Nf3 Nc6 3. Bc4 Bc5 4. c3 Nf6 5. d3 d6 6. O-O O-O 7. Bg5 h6 8. Bh4 a6 
9. Nbd2 Ba7 10. Bb3 Na5 11. Ba4 g5 12. Bg3 Nh5 13. b4 Nxg3 14. hxg3 b5 
15. Bc2 Nc6 16. a4 Bd7 17. Bb3 Bb6 18. Qe2 Qf6 19. Rfd1 g4 20. Nh4 Ne7 
21. a5 Ba7 22. Nf1 h5 23. Rab1 c6 24. Qd2 Be6 25. Ne3 Rfd8 26. c4 Rf8 
27. Rf1 Rac8 28. Rfc1 Kh7 29. c5 Rcd8 30. Qe2 dxc5 31. bxc5 Ng6 32. Nhf5 Rg8 
33. Bxe6 fxe6 34. Nd6 Rg7 35. Rc3 Nf8 36. Rbc1 Nd7 37. Kh2 Kg8 38. Kg1 h4 
39. gxh4 b4 40. R3c2 Qxh4 41. g3 Qh6 42. Ng2 b3 43. Qd2 Qxd2 44. Rxd2 Nxc5 
45. Nc4 Rxd3 46. Nge3 Rxd2 47. Nxd2 b2 48. Rb1 Na4 49. Nec4 Rd7 50. Kg2 Kg7 
51. Rf1 Rd4 52. Rb1 Rd8 53. Rf1 Bd4 54. f3 gxf3+ 55. Kxf3 Rf8+ 56. Kg2 Rb8 
57. Kh3 Nc3 58. Nd6 0-1

[Event "Saturday 07 April Rapid Engine Tour 12+1 Rounds 9 Starts 1600ST"]
[Site "Infinity Chess"]
[Date "2018.4.7"]
[Round "3"]
[White "Harry_Potter"]
[Black "Eman"]
[Result "1/2-1/2"]
[ECO "B50"]
[WhiteElo "2503"]
[BlackElo "2481"]
[WhiteEngine "Stockfish_x64_bmi2_CTG"]
[BlackEngine "Eman 1.70-beta18 64-bit POPCNT"]
[EventType "Swiss"]
[WhiteTeam ""]
[BlackTeam ""]
[PlyCount "86"]
[TimeControl "720+1"]

1. e4 c5 2. Nf3 d6 3. Nc3 Nf6 4. Be2 e5 5. Bc4 Be7 6. O-O O-O 7. d3 Be6 
8. Ng5 Bd7 9. f4 Nc6 10. Nf3 exf4 11. Bxf4 a6 12. a3 Rc8 13. h3 Be6 14. Nd5 Nd4 
15. Nxd4 cxd4 16. a4 Bxd5 17. exd5 Nd7 18. Qf3 Qc7 19. Qg3 Ne5 20. Bd2 Rce8 
21. Bb3 Qd8 22. Qf2 Bf6 23. a5 Ng6 24. Ba4 Re7 25. Rad1 h6 26. Rde1 Rxe1 
27. Qxe1 Bg5 28. c4 Ne5 29. Bxg5 hxg5 30. b4 Nxd3 31. Qd2 Nf4 32. h4 Qe7 
33. hxg5 Ne2+ 34. Kf2 Nc3 35. Re1 Ne4+ 36. Kg1 Nxd2 37. Rxe7 Nxc4 38. Rxb7 d3 
39. Kf2 Kh7 40. Bb3 Nd2 41. Ba4 Nc4 42. Bb3 Nd2 43. Ba4 Nc4 1/2-1/2

[Event "Saturday 07 April Rapid Engine Tour 12+1 Rounds 9 Starts 1600ST"]
[Site "Infinity Chess"]
[Date "2018.4.7"]
[Round "3"]
[White "Murx"]
[Black "Susanne"]
[Result "1/2-1/2 "]
[ECO "A46"]
[WhiteElo "2505"]
[BlackElo "2519"]
[WhiteEngine "asmFishW_2018-04-01_bmi2"]
[BlackEngine "stockfish_jvv03_x64_bmi2_CTG"]
[EventType "Swiss"]
[WhiteTeam ""]
[BlackTeam ""]
[PlyCount "130"]
[TimeControl "720+1"]

1. d4 Nf6 2. Nf3 d5 3. e3 e6 4. b3 c5 5. Bb2 cxd4 6. exd4 Bd6 7. Bd3 O-O 
8. O-O b6 9. Re1 Bb7 10. a3 Nc6 11. Nbd2 Ne7 12. Ne5 Rc8 13. Rc1 Nf5 14. Qe2 g6 
15. c4 Rc7 16. Ndf3 Qe7 17. g4 dxc4 18. bxc4 Bxf3 19. Qxf3 Nh4 20. Qh3 Nd7 
21. Nxd7 Rxd7 22. Rcd1 Qf6 23. Re2 Nf3+ 24. Kh1 Bb8 25. d5 Qf4 26. Bc2 b5 
27. Re4 Ng5 28. Rxf4 Nxh3 29. Rf3 Ng5 30. Rf6 bxc4 31. h4 Nh3 32. Bc1 e5 
33. Kg2 Nf4+ 34. Bxf4 exf4 35. Rc6 Bd6 36. Rxc4 Bxa3 37. Rxf4 Rb8 38. Rc4 Kg7 
39. Ba4 Rdd8 40. Rdd4 Bd6 41. Rc6 Rb2 42. Bc2 a5 43. h5 Rb4 44. Rxb4 axb4 
45. Kf3 Kf6 46. Ke4 Kg5 47. hxg6 fxg6 48. Bd1 Re8+ 49. Kd4 Be5+ 50. Kc5 Rb8 
51. Re6 Kf4 52. d6 Bxd6+ 53. Rxd6 b3 54. Be2 b2 55. Rd4+ Kg5 56. Rd5+ Kh4 
57. Bd3 b1=Q 58. Bxb1 Rxb1 59. Rd7 Rc1+ 60. Kb5 g5 61. Rxh7+ Kxg4 62. Kb4 Kf3 
63. Rf7+ Ke4 64. Rf8 Rc7 65. Rg8 Rb7+ 1/2-1/2

[Event "Saturday 07 April Rapid Engine Tour 12+1 Rounds 9 Starts 1600ST"]
[Site "Infinity Chess"]
[Date "2018.4.7"]
[Round "3"]
[White "xeonrocks"]
[Black "THE_MACHINE"]
[Result "1/2-1/2"]
[ECO "C58"]
[WhiteElo "2561"]
[BlackElo "2506"]
[WhiteEngine "Stockfish_x64_bmi2_CTG"]
[BlackEngine "BrainFish_180404_x64_bmi2"]
[EventType "Swiss"]
[WhiteTeam ""]
[BlackTeam ""]
[PlyCount "160"]
[TimeControl "720+1"]

1. e4 e5 2. Nf3 Nc6 3. Bc4 Nf6 4. Ng5 d5 5. exd5 Na5 6. Bb5+ c6 7. dxc6 bxc6 
8. Be2 h6 9. Nh3 Bd6 10. d3 O-O 11. Nc3 Nd5 12. O-O Nxc3 13. bxc3 Rb8 
14. Kh1 Qh4 15. Be3 c5 16. Bf3 Be6 17. Re1 Rfc8 18. Ng1 Nc6 19. Ne2 f5 
20. c4 Bf7 21. g3 Qf6 22. Bxc6 Rxc6 23. Nc3 Rcc8 24. Qe2 Be8 25. Rab1 Bc6+ 
26. Kg1 Qf7 27. Rxb8 Rxb8 28. Bd2 Re8 29. f3 Qb7 30. Rb1 Qa8 31. Rf1 Qb7 
32. Rb1 Qa8 33. Kf2 Qd8 34. Nd5 Qd7 35. Kg2 Be7 36. Ne3 Bf6 37. h3 Bg5 
38. a3 Qf7 39. Rf1 Kh7 40. Be1 Be7 41. Kh2 Qe6 42. Bc3 Bd6 43. Re1 Qg6 
44. Nd5 Qf7 45. Ne3 Qg6 46. Qg2 Qf7 47. Kg1 f4 48. gxf4 exf4 49. Nd5 Rxe1+ 
50. Bxe1 Qe6 51. Kf1 Bxd5 52. cxd5 Qxd5 53. Qe2 Kg6 54. Qe4+ Qxe4 55. fxe4 Kf6 
56. Ke2 g5 57. Bf2 Ke6 58. c3 a6 59. a4 h5 60. Kf3 Kf6 61. d4 c4 62. e5+ Bxe5 
63. dxe5+ Kxe5 64. h4 g4+ 65. Ke2 Ke4 66. Bc5 Ke5 67. a5 Kf6 68. Bg1 Ke5 
69. Bf2 Ke4 70. Ba7 Kf5 71. Kf2 Ke4 72. Bb8 f3 73. Bh2 Kd3 74. Be5 Kd2 
75. Kg3 Kd3 76. Bd4 Kd2 77. Bh8 Ke1 78. Bd4 Kd2 79. Be5 Kd3 80. Bd4 Kd2 1/2-1/2

[Event "Saturday 07 April Rapid Engine Tour 12+1 Rounds 9 Starts 1600ST"]
[Site "Infinity Chess"]
[Date "2018.4.7"]
[Round "3"]
[White "KQRBNP"]
[Black "fati64"]
[Result "1/2-1/2"]
[ECO "C77"]
[WhiteElo "2435"]
[BlackElo "2452"]
[WhiteEngine "Eman 1.70-beta18 64-bit POPCNT"]
[BlackEngine "BrainFish_180404_x64"]
[EventType "Swiss"]
[WhiteTeam ""]
[BlackTeam ""]
[PlyCount "106"]
[TimeControl "720+1"]

1. e4 e5 2. Nf3 Nc6 3. Bb5 a6 4. Ba4 Nf6 5. O-O Be7 6. Re1 b5 7. Bb3 O-O 
8. a4 b4 9. c3 d6 10. a5 Rb8 11. Bc4 d5 12. exd5 Nxd5 13. d4 bxc3 14. Nxc3 Be6 
15. Nxe5 Nxe5 16. Bxd5 Bxd5 17. Nxd5 Qxd5 18. Rxe5 Qd8 19. Re2 Rb4 20. Be3 Qd5 
21. Qd3 Rb3 22. Qc2 Bd6 23. Rae1 Qb5 24. Bg5 h6 25. Be7 Bxe7 26. Rxe7 Rxb2 
27. Qxc7 Qb4 28. Re8 g6 29. Qe7 Rxe8 30. Qxb4 Rxb4 31. Rxe8+ Kg7 32. Kf1 Ra4 
33. Ke2 Rxa5 34. Kd3 Ra1 35. Re2 a5 36. d5 a4 37. Kd4 a3 38. Ke5 Rb1 39. Ra2 Rb3 
40. Kd6 Kf6 41. Kd7 Rb5 42. Kc6 Ra5 43. d6 Ra6+ 44. Kc7 Ra7+ 45. Kb6 Ra8 
46. Kc7 Ra7+ 47. Kb6 Ra8 48. f3 Ke6 49. Kc7 Ra7+ 50. Kc6 Ra6+ 51. Kc7 Ra7+ 
52. Kc6 Ra6+ 53. Kc7 Ra7+ 1/2-1/2

[Event "Saturday 07 April Rapid Engine Tour 12+1 Rounds 9 Starts 1600ST"]
[Site "Infinity Chess"]
[Date "2018.4.7"]
[Round "2"]
[White "Vimtiroba"]
[Black "angriff"]
[Result "1/2-1/2"]
[ECO "C26"]
[WhiteElo "2373"]
[BlackElo "2343"]
[WhiteEngine "SF9 ''A6''_CTG"]
[BlackEngine "DracoREX 3.07 64BIT POPCNT_CTG"]
[EventType "Swiss"]
[WhiteTeam ""]
[BlackTeam ""]
[PlyCount "131"]
[TimeControl "720+1"]

1. e4 e5 2. Nc3 Nf6 3. Nf3 Nc6 4. a4 a6 5. d4 exd4 6. Nxd4 Bb4 7. Nxc6 bxc6 
8. Bd3 O-O 9. Qf3 d5 10. O-O Bxc3 11. bxc3 dxe4 12. Bxe4 Bg4 13. Qd3 Nxe4 
14. Qxe4 Qd7 15. Qd4 Rfd8 16. Be3 Bf5 17. Rfc1 Qe6 18. Qf4 Rd7 19. Bd4 Re8 
20. f3 Bg6 21. Qd2 Rde7 22. Bc5 Rd7 23. Bd4 Rde7 24. Bc5 Qe2 25. Qf4 Re6 
26. Bf2 h6 27. h4 R8e7 28. Rab1 Kh7 29. Rb8 Rd6 30. Re1 Rd1 31. Rxd1 Qxd1+ 
32. Kh2 Qxc2 33. Bd4 f6 34. Rc8 Bd3 35. Qg3 Rf7 36. Rxc7 Rxc7 37. Qxc7 Bf1 
38. Qg3 h5 39. Qf2 Qxf2 40. Bxf2 Be2 41. Kg3 g5 42. hxg5 fxg5 43. a5 Kg7 
44. Be3 Kf6 45. Kf2 Bd1 46. Bd4+ Ke6 47. Ke3 Kd5 48. Kd3 Bb3 49. g4 h4 
50. Ke2 h3 51. Kf2 c5 52. Bf6 Kc4 53. Kg3 Bd1 54. Bxg5 Kxc3 55. Be3 c4 56. g5 h2 
57. Kxh2 Bxf3 58. g6 Be4 59. g7 Bh7 60. Kg1 Kb4 61. Kf1 Kxa5 62. Ke1 Kb4 
63. Kd1 Kb3 64. Bb6 Kb2 65. Ba5 c3 66. Bxc3+ 1/2-1/2

[Event "Saturday 07 April Rapid Engine Tour 12+1 Rounds 9 Starts 1600ST"]
[Site "Infinity Chess"]
[Date "2018.4.7"]
[Round "2"]
[White "KQRBNP"]
[Black "beka"]
[Result "1-0"]
[ECO "A46"]
[WhiteElo "2420"]
[BlackElo "2396"]
[WhiteEngine "Eman 1.70-beta18 64-bit POPCNT"]
[BlackEngine "stockfish_18032408_32bit"]
[EventType "Swiss"]
[WhiteTeam ""]
[BlackTeam ""]
[PlyCount "195"]
[TimeControl "720+1"]

1. d4 Nf6 2. Nf3 d5 3. c4 e6 4. g3 Bb4+ 5. Bd2 Be7 6. Qc2 O-O 7. Bg2 c6 
8. O-O b6 9. Rd1 Nbd7 10. Bf4 Bb7 11. Ne5 Nh5 12. Bd2 Nhf6 13. cxd5 cxd5 
14. Nc6 Bxc6 15. Qxc6 Qc8 16. Qxc8 Rfxc8 17. Nc3 a6 18. e4 dxe4 19. Nxe4 Nd5 
20. Nc3 N7f6 21. Rdc1 Rab8 22. Na4 h6 23. Rxc8+ Rxc8 24. Rc1 Rxc1+ 25. Bxc1 g5 
26. a3 Kg7 27. Bf1 a5 28. Bc4 Bd8 29. Kf1 Ne8 30. Ke2 f5 31. Nc3 Nec7 
32. Kd3 Kf7 33. Bd2 Ke7 34. Nb5 Kd7 35. Na7 Bf6 36. Bb3 Kd6 37. Kc4 h5 
38. Ba4 Ke7 39. h3 g4 40. h4 Bg7 41. Bg5+ Bf6 42. Bd2 Bg7 43. Nb5 Ne8 44. Kd3 f4 
45. Nc3 Nec7 46. Ne4 Bh6 47. Bc6 fxg3 48. fxg3 Bxd2 49. Kxd2 Kd8 50. Nc3 Ke7 
51. Kd3 Kf6 52. Nb5 Nxb5 53. Bxb5 Nc7 54. Bd7 Kf5 55. a4 Nd5 56. Be8 Nb4+ 
57. Ke2 Nd5 58. Bf7 Ke4 59. Bxh5 Nf6 60. Bf7 Kxd4 61. h5 Ke5 62. h6 Kf5 
63. Bg8 Kg6 64. Bxe6 Kxh6 65. Kd3 Kg5 66. Kc4 Ne4 67. Kb5 Nc5 68. Bd5 Kf5 
69. Bc6 Ke5 70. Kxb6 Kd6 71. Bb5 Nb3 72. Be2 Nd4 73. Bxg4 Nc6 74. Bf3 Ne5 
75. Kxa5 Nxf3 76. Kb6 Ne5 77. b4 Kd7 78. b5 Nc4+ 79. Ka7 Nd6 80. b6 Nc8+ 
81. Kb7 Nd6+ 82. Ka8 Kc6 83. a5 Nb5 84. b7 Nc7+ 85. Kb8 Nb5 86. a6 Kd7 
87. a7 Nd4 88. Ka8 Nc6 89. b8=Q Nd8 90. Qf4 Nc6 91. Kb7 Nxa7 92. Kxa7 Ke6 
93. g4 Kd7 94. Qe5 Kc6 95. g5 Kd7 96. Kb6 Kd8 97. Kc6 Kc8 98. Qc7# 1-0

[Event "Saturday 07 April Rapid Engine Tour 12+1 Rounds 9 Starts 1600ST"]
[Site "Infinity Chess"]
[Date "2018.4.7"]
[Round "2"]
[White "fati64"]
[Black "KhalidOmar"]
[Result "1-0"]
[ECO "B90"]
[WhiteElo "2436"]
[BlackElo "2430"]
[WhiteEngine "BrainFish_180404_x64"]
[BlackEngine "Eman 1.70-beta18 64-bit BMI2"]
[EventType "Swiss"]
[WhiteTeam ""]
[BlackTeam ""]
[PlyCount "177"]
[TimeControl "720+1"]

1. e4 c5 2. Nf3 d6 3. d4 cxd4 4. Nxd4 Nf6 5. Nc3 a6 6. Be3 e5 7. Nb3 Be6 
8. f3 Be7 9. Qd2 Nbd7 10. g4 O-O 11. O-O-O b5 12. g5 Nh5 13. Kb1 Nb6 14. Na5 Rc8 
15. Nd5 Nxd5 16. exd5 Bxd5 17. Qxd5 Qxa5 18. c4 Rb8 19. cxb5 axb5 20. Bd3 Qa4 
21. h4 b4 22. Bc4 Qa8 23. Rhe1 Qxd5 24. Bxd5 Kh8 25. Bd2 Ng3 26. Rc1 Bd8 
27. Rc4 Ba5 28. Rc6 Nf5 29. Ra6 Bd8 30. Ra4 b3 31. Bxb3 f6 32. gxf6 Bxf6 
33. h5 d5 34. Rc1 h6 35. Bb4 Rfd8 36. Ba5 Re8 37. Rc5 Ne3 38. Bd2 Nf1 
39. Rxd5 Ng3 40. Rd7 e4 41. Be1 Nxh5 42. fxe4 Nf4 43. Bg3 Be5 44. Raa7 Rec8 
45. Rd2 Rb5 46. Rad7 Kh7 47. Bd1 Rcb8 48. b3 h5 49. Rh2 Kg6 50. Rh4 Rf8 
51. a4 Rc5 52. Be1 Rc7 53. Rxc7 Bxc7 54. Bd2 Rd8 55. Kc2 Rc8 56. Kb2 Nd3+ 
57. Ka3 Nf2 58. Bxh5+ Kf6 59. Be2 Bg3 60. e5+ Kxe5 61. Rc4 Re8 62. a5 Ne4 
63. Be3 Kf6 64. Rc2 Nd6 65. Bb6 Nc8 66. Bb5 Rf8 67. Bd4+ Ke6 68. a6 g5 
69. Be2 Kf5 70. b4 g4 71. b5 Rd8 72. Bg1 Bd6+ 73. Ka4 g3 74. b6 Bb8 75. Rc5+ Kf6 
76. Rxc8 Rxc8 77. a7 Be5 78. b7 Rd8 79. a8=Q Bb8 80. Qa5 Re8 81. Bd4+ Re5 
82. Qd8+ Kf5 83. Bd3+ Kg4 84. Qxb8 Rd5 85. Qg8+ Kh4 86. Qxd5 Kh3 87. Qh5+ Kg2 
88. Be4+ Kf1 89. Qd1# 1-0

[Event "Saturday 07 April Rapid Engine Tour 12+1 Rounds 9 Starts 1600ST"]
[Site "Infinity Chess"]
[Date "2018.4.7"]
[Round "2"]
[White "Prometheus"]
[Black "ocirema"]
[Result "1/2-1/2"]
[ECO "D30"]
[WhiteElo "2448"]
[BlackElo "2440"]
[WhiteEngine "Eman 1.70-beta18 64-bit BMI2"]
[BlackEngine "asmFishW_2018-04-01_popcnt"]
[EventType "Swiss"]
[WhiteTeam ""]
[BlackTeam ""]
[PlyCount "89"]
[TimeControl "720+1"]

1. d4 d5 2. c4 e6 3. Nf3 Nf6 4. Nc3 c6 5. Bg5 h6 6. Bxf6 Qxf6 7. e3 Nd7 
8. Be2 g6 9. O-O Bg7 10. e4 dxe4 11. Nxe4 Qf4 12. Qc2 f5 13. Ned2 c5 14. g3 Qd6 
15. Nh4 Kf7 16. d5 e5 17. Rae1 h5 18. Kg2 Nf6 19. b4 b6 20. bxc5 bxc5 
21. Ndf3 Nh7 22. Bd3 Re8 23. Nxf5 gxf5 24. Bxf5 Bxf5 25. Qxf5+ Kg8 26. Qxh5 e4 
27. Nh4 Re5 28. Qg4 Rae8 29. Rxe4 Rxe4 30. Qxg7+ Kxg7 31. Nf5+ Kg6 32. Nxd6 Nf6 
33. h4 Rd4 34. Nxe8 Nxe8 35. Re1 Nf6 36. Re5 Rxc4 37. d6 Rc2 38. h5+ Kh6 
39. g4 Nxg4 40. Rd5 Nf6 41. d7 Nxd7 42. Rxd7 Rxa2 43. Rd6+ Kxh5 44. Rd5+ Kg4 
45. Rxc5 1/2-1/2

[Event "Saturday 07 April Rapid Engine Tour 12+1 Rounds 9 Starts 1600ST"]
[Site "Infinity Chess"]
[Date "2018.4.7"]
[Round "2"]
[White "RonWeasley"]
[Black "Thinker"]
[Result "1/2-1/2"]
[ECO "E20"]
[WhiteElo "2458"]
[BlackElo "2452"]
[WhiteEngine "BrainFish 010418 WM_CTG"]
[BlackEngine "BrainFish_180404_x64_modern_CTG"]
[EventType "Swiss"]
[WhiteTeam ""]
[BlackTeam ""]
[PlyCount "106"]
[TimeControl "720+1"]

1. d4 Nf6 2. c4 e6 3. Nc3 d5 4. Nf3 Be7 5. Bf4 O-O 6. e3 Nbd7 7. c5 c6 8. Bd3 b6 
9. b4 a5 10. a3 Nh5 11. Be5 f6 12. Bg3 axb4 13. axb4 Rxa1 14. Qxa1 e5 
15. Qa7 bxc5 16. bxc5 Re8 17. Qa4 Qc7 18. O-O Kh8 19. Nd2 Nxg3 20. hxg3 Bb7 
21. Ra1 e4 22. Be2 Ra8 23. Qd1 Rxa1 24. Qxa1 g6 25. g4 Nb8 26. Qa7 Bd8 
27. Ncxe4 dxe4 28. Nxe4 Ba6 29. Qxc7 Bxc7 30. Bxa6 Nxa6 31. Nxf6 Kg7 32. Ne4 h5 
33. gxh5 gxh5 34. g3 Kf7 35. Ng5+ Kf6 36. f4 Nb4 37. Kf2 Nc2 38. Kf3 Ke7 
39. Ke4 Nb4 40. Kf5 Nc2 41. Ke4 Nb4 42. Nf3 Ke6 43. Ne5 Bxe5 44. dxe5 Ke7 
45. f5 Kf7 46. Kd4 Na2 47. Ke4 Nb4 48. Kd4 Na2 49. e6+ Kf6 50. Ke4 Nc3+ 
51. Kd3 Na2 52. Ke4 Nc3+ 53. Kd3 Na2 1/2-1/2

[Event "Saturday 07 April Rapid Engine Tour 12+1 Rounds 9 Starts 1600ST"]
[Site "Infinity Chess"]
[Date "2018.4.7"]
[Round "2"]
[White "IronMan"]
[Black "star99"]
[Result "1/2-1/2"]
[ECO "B32"]
[WhiteElo "2465"]
[BlackElo "2460"]
[WhiteEngine "Eman 1.70-beta18 64-bit BMI2"]
[BlackEngine "Cryptic Heroes 9.3B"]
[EventType "Swiss"]
[WhiteTeam ""]
[BlackTeam ""]
[PlyCount "131"]
[TimeControl "720+1"]

1. e4 c5 2. Nf3 Nc6 3. d4 cxd4 4. Nxd4 e5 5. Nb5 d6 6. N1c3 a6 7. Na3 b5 
8. Nd5 Nf6 9. Bg5 Be7 10. Bxf6 Bxf6 11. c3 O-O 12. Nc2 Be6 13. a4 bxa4 
14. Rxa4 a5 15. Bc4 Bg5 16. O-O Ne7 17. Nxe7+ Qxe7 18. Bxe6 Qxe6 19. Na3 Rfc8 
20. Qd3 Qb3 21. Qb5 Qxb5 22. Nxb5 Rcb8 23. c4 Bd2 24. Rfa1 Rd8 25. b3 Rac8 
26. Kf1 Bb4 27. Na3 Rb8 28. Rb1 Rd7 29. Ke2 Kf8 30. Kd3 Rdb7 31. Nb5 g6 
32. Ke3 f5 33. Rd1 Ke7 34. g3 Bc5+ 35. Kd3 Bb4 36. Ke3 Bc5+ 37. Kf3 Rxb5 
38. cxb5 Rxb5 39. exf5 gxf5 40. Kg2 Kf6 41. Rda1 Bb4 42. Rc1 e4 43. Ra2 d5 
44. Rac2 d4 45. Rc6+ Ke5 46. f4+ Kd5 47. Rf6 Bc3 48. Rxf5+ Kc6 49. g4 Rxf5 
50. gxf5 Kd6 51. Kf2 Ke7 52. Rg1 Kf6 53. Rg8 Bb4 54. Rd8 Kxf5 55. Rd7 d3 
56. Ke3 Bc5+ 57. Kd2 Bb4+ 58. Ke3 Bc5+ 59. Kd2 Kxf4 60. Rf7+ Ke5 61. Rxh7 a4 
62. bxa4 Bb4+ 63. Ke3 Bc5+ 64. Kd2 Bb4+ 65. Ke3 Bc5+ 66. Kd2 1/2-1/2

[Event "Saturday 07 April Rapid Engine Tour 12+1 Rounds 9 Starts 1600ST"]
[Site "Infinity Chess"]
[Date "2018.4.7"]
[Round "2"]
[White "Deep_Impact"]
[Black "Marsell"]
[Result "1/2-1/2"]
[ECO "D15"]
[WhiteElo "2461"]
[BlackElo "2463"]
[WhiteEngine "BrainFish_180404_x64_bmi2"]
[BlackEngine "asmFishW_2018-04-02_bmi2"]
[EventType "Swiss"]
[WhiteTeam ""]
[BlackTeam ""]
[PlyCount "111"]
[TimeControl "720+1"]

1. d4 d5 2. c4 c6 3. Nf3 Nf6 4. Nc3 e6 5. Bg5 h6 6. Bxf6 Qxf6 7. e3 Nd7 
8. Be2 g6 9. O-O Bg7 10. e4 dxe4 11. Nxe4 Qf4 12. Qc2 f5 13. Ned2 c5 14. g3 Qc7 
15. Nh4 Bxd4 16. Nxg6 Rg8 17. Nh4 Nf6 18. Ndf3 Rxg3+ 19. hxg3 Qxg3+ 20. Ng2 Ng4 
21. Qd2 Bxf2+ 22. Rxf2 Qxf2+ 23. Kh1 Bd7 24. Rf1 Qg3 25. Qe1 Qxe1 26. Nfxe1 Ne5 
27. Nf3 Ng4 28. Nfh4 h5 29. Kg1 Bc6 30. Bf3 Ke7 31. Bxc6 bxc6 32. Re1 Kf6 
33. Rd1 Rg8 34. b3 a5 35. Rd6 Ne5 36. Kf2 Ke7 37. Rd1 a4 38. Nf4 Rg4 
39. Nhg2 axb3 40. axb3 Rg8 41. Ra1 Rb8 42. Ra7+ Kd6 43. Ra3 Ng4+ 44. Ke2 Rb7 
45. Nd3 h4 46. Nxh4 Rh7 47. Ng6 Rh6 48. Nf8 Rh2+ 49. Kd1 Rh1+ 50. Kc2 Rh2+ 
51. Kb1 Rh1+ 52. Ka2 Rh2+ 53. Ka1 Rh1+ 54. Ka2 Rh2+ 55. Ka1 Rh1+ 56. Ka2 1/2-1/2

[Event "Saturday 07 April Rapid Engine Tour 12+1 Rounds 9 Starts 1600ST"]
[Site "Infinity Chess"]
[Date "2018.4.7"]
[Round "2"]
[White "hafaba"]
[Black "KRAKEN"]
[Result "1/2-1/2"]
[ECO "C11"]
[WhiteElo "2464"]
[BlackElo "2476"]
[WhiteEngine "Eman 1.70-beta18 64-bit POPCNT_CTG"]
[BlackEngine "Raubfisch X38_CTG"]
[EventType "Swiss"]
[WhiteTeam ""]
[BlackTeam ""]
[PlyCount "196"]
[TimeControl "720+1"]

1. e4 e6 2. d4 d5 3. Nc3 Nf6 4. e5 Nfd7 5. f4 c5 6. Nf3 Nc6 7. Be3 Qb6 
8. Na4 Qa5+ 9. c3 c4 10. b4 Qc7 11. Be2 b5 12. Nc5 a5 13. a3 Nxc5 14. dxc5 Be7 
15. O-O g6 16. Qe1 Bd7 17. Rf2 O-O 18. Rb1 axb4 19. axb4 Ra3 20. Bd1 Rfa8 
21. Qd2 Bc8 22. g4 Qd8 23. Bc2 Ra2 24. Rbf1 R8a6 25. Nd4 Bd7 26. Qc1 f5 
27. Qd1 Nxd4 28. Bxd4 Qf8 29. Qf3 Qh6 30. g5 Qf8 31. Rg2 h5 32. Qg3 Bc6 
33. Bd1 Ra1 34. Be2 R1a2 35. Bf3 R2a3 36. Rd2 Ra8 37. Qf2 Qf7 38. h3 Bf8 
39. Kh2 R8a6 40. Rc1 Qa7 41. h4 Qe7 42. Kh3 Bg7 43. Re1 Ra8 44. Kh2 Bb7 
45. Ree2 Bc6 46. Ra2 R3a4 47. Kg3 Qb7 48. Rxa4 bxa4 49. Ra2 Ra7 50. Qd2 Bf8 
51. Ra1 Qa6 52. Qa2 Ra8 53. Qe2 Bg7 54. Ra2 Rd8 55. Qd2 Qb7 56. Be3 Qc7 
57. Qb2 Rb8 58. Bd4 Qe7 59. Qe2 Ra8 60. Be3 Qb7 61. Qf2 Qb5 62. Ra3 Qb7 
63. Qg2 Qd7 64. Qc2 Rb8 65. Qa2 Ra8 66. Qf2 Kh8 67. Qe2 Kg8 68. Qg2 Rb8 
69. Qb2 Bb5 70. Bd4 Rc8 71. Ra2 Ra8 72. Kg2 Rb8 73. Kg3 Ra8 74. Qc2 Qc6 
75. Qc1 Qc7 76. Qe3 Qc8 77. Qd2 Bc6 78. Qb2 Qb7 79. Qg2 Qf7 80. Qb2 Qd7 
81. Qc1 Kf7 82. Qd2 Bh8 83. Be3 Ke7 84. Qd1 Kf8 85. Qc1 Kf7 86. Qd2 Kf8 
87. Qd1 Kg7 88. Ra3 Kf7 89. Qc2 Ke8 90. Qb2 Kf8 91. Kf2 Kf7 92. Qb1 Qe8 
93. Kg2 Kg8 94. Bd4 Rb8 95. Qc1 Kf7 96. Ra2 Qd7 97. Ra1 Ra8 98. Kg3 Rb8 1/2-1/2